 Dungeon Crawl Stone Soup version 0.29.0-5-ge4962eb29e (webtiles) character file.

Game seed: 183669697949759837

9069 greasedhog the Geomancer (level 11, -3/68 HPs)
             Began as a Gargoyle Earth Elementalist on Aug 28, 2022.
             Was an Elder of Vehumet.
             Slain by an ogre
             ... wielding a +0 giant club
              (11 damage)
             ... on level 1 of the Orcish Mines.
             The game lasted 00:32:32 (15566 turns).

greasedhog the Geomancer (GrEE)                    Turns: 15566, Time: 00:32:34

Health: -3/68      AC: 18    Str: 13    XL:     11   Next: 40%
Magic:  17/18      EV: 11    Int: 19    God:    Vehumet [****..]
Gold:   664        SH:  0    Dex: 10    Spells: 12/20 levels left

rFire   . . .      SeeInvis +   r - staff of earth
rCold   . . .      Faith    .   (no shield)
rNeg    + . .      Spirit   .   C - +0 steam dragon scales
rPois   ∞          Reflect  .   I - +2 helmet {SInv}
rElec   +          Harm     .   (no cloak)
rCorr   .          Rampage  .   (no gloves)
Will    .....                   h - +0 pair of boots
Stlth   ++........              B - amulet of the acrobat
HPRegen 0.21/turn               i - ring of see invisible
MPRegen 0.16/turn               (no ring)

@: no status effects
A: sickness immunity, AC +8, negative energy resistance 1, electricity
resistance, torment resistance 1, petrification resistance
a: Renounce Religion


You were on level 1 of the Orcish Mines.
You worshipped Vehumet.
Vehumet was greatly pleased with you.
You visited 3 branches of the dungeon, and saw 14 of its levels.
You also visited: Sewer and Bailey.

You collected 836 gold pieces.
You spent 172 gold pieces at shops.

Inventory:

Hand Weapons
 e - a +0 dagger of venom
Missiles
 w - a throwing net
Armour
 h - a +0 pair of boots (worn)
 C - +0 steam dragon scales (worn)
 I - a +2 helmet of see invisible (worn)
Magical Staves
 r - a staff of earth (weapon)
Jewellery
 i - a ring of see invisible (left hand)
 B - an amulet of the acrobat (around neck)
Wands
 g - a wand of mindburst (6)
 n - a wand of polymorph (10)
 o - a wand of flame (61)
 E - a wand of iceblast (4)
Scrolls
 c - 8 scrolls of amnesia
 k - 3 scrolls of enchant armour
 p - 3 scrolls of teleportation
 t - 2 scrolls of magic mapping
 x - a scroll of enchant weapon
 y - 2 scrolls of identify
 D - a scroll of torment
Potions
 a - 2 potions of brilliance
 b - a potion of magic
 d - 4 potions of ambrosia
 f - 4 potions of curing
 j - a potion of resistance {unknown}
 l - 2 potions of lignification {unknown}
 m - 2 potions of cancellation
 q - 2 potions of invisibility {unknown}
 s - 2 potions of mutation
 u - 5 potions of flight
 v - a potion of heal wounds {unknown}
 z - a potion of haste
 G - a potion of berserk rage {unknown}
 H - a potion of might {unknown}


   Skills:
 * Level 7.9 Fighting
 - Level 5.0 Armour
 - Level 1.5 Dodging
 - Level 2.1 Stealth
 - Level 5.3 Spellcasting
 - Level 1.4 Conjurations
 - Level 3.0 Transmutations
 * Level 14.4 Earth Magic
 - Level 6.0 Evocations


You had 12 spell levels left.
You knew the following spells:

 Your Spells              Type           Power      Damage    Failure   Level
a - Sandblast             Erth           100%       2d20      1%          1
b - Stone Arrow           Conj/Erth      100%       3d13      1%          3
c - Petrify               Tmut/Erth      55%        N/A       3%          4

Your spell library contained the following spells:

 Spells                   Type           Power      Damage    Failure   Level
 Conjure Flame            Conj/Fire      7%         6-21      7%          3
 Magic Dart               Conj           40%        1d5       1%          1
 Passwall                 Tmut/Erth      45%        N/A       1%          2
 Searing Ray              Conj           20%        2d5       2%          2
 Poisonous Vapours        Pois/Air       10%        N/A       5%          2
 Sting                    Tmut/Pois      40%        1d5       7%          1
 Mephitic Cloud           Conj/Pois/Air  6%         N/A       9%          3
 Slow                     Hex            20%        N/A       12%         1
 Call Imp                 Summ           5%         N/A       19%         2
 Ensorcelled Hibernation  Hex/Ice        10%        N/A       19%         2
 Spider Form              Tmut/Pois      10%        N/A       21%         3
 Fulminant Prism          Conj/Hex       3%         3d6       22%         4
 Olgreb's Toxic Radiance  Pois           5%         N/A       30%         4
 Confusing Touch          Hex            5%         N/A       36%         3
 Gell's Gravitas          Tloc           5%         N/A       36%         3
 Lesser Beckoning         Tloc           5%         N/A       36%         3
 Teleport Other           Tloc           5%         N/A       36%         3
 Vampiric Draining        Necr           5%         2d6       36%         3
 Freezing Cloud           Conj/Ice/Air   3%         6-21      54%         5
 Anguish                  Hex/Necr       2%         N/A       77%         4
 Ozocubu's Refrigeration  Ice            2%         4d8       100%        7


Dungeon Overview and Level Annotations

Branches:
Dungeon (11/15)            Temple (1/1) D:6             Orc (2/2) D:10
  Sewer (visited)          Bailey (visited)
   Lair: D:8-11         Elf: Orc:2

Altars:
Ashenzari
Cheibriados
Dithmenos
Elyvilon
Fedhas
Gozag
Hepliaklqana
Kikubaaqudgha
Makhleb
Nemelex Xobeh
Okawaru
Qazlal
Ru
Sif Muna
Trog
Uskayaw
Vehumet
Wu Jian
Xom
Yredelemnul
Zin
The Shining One
Jiyva

Shops:
Orc:1 **

Annotations:
D:3 1 runed translucent door, Crazy Yiuf
D:6 1 runed translucent door, PerfectTommy's ghost, novice MiFi


Innate Abilities, Weirdness & Mutations

You are immune to sickness and miasma.
Your stone body is resilient. (AC +8)
You are immune to poison.
You resist negative energy. (rN+)
You are resistant to electric shocks. (rElec)
You are resistant to unholy torment.
You are immune to petrification.


Message History

You start resting.
Magic restored.
You start resting.
HP restored.
You climb downwards.
The orc warrior shouts!
The ogre shouts!
The centaur shoots an arrow.
The arrow hits you.
The orc shoots a bolt.
The bolt hits you but does no damage. The ogre barely misses you.
The centaur shoots an arrow.
The arrow hits you but does no damage.
There is a stone staircase leading up here.
Unknown command.
The centaur shoots an arrow.
The arrow barely misses you.
The arrow hits the centaur.
The ogre hits you with a +0 giant club!
The orc warrior shoots a bolt.
The bolt misses you.
The bolt hits the ogre!!
The ogre barely misses you.
The centaur shoots an arrow.
The arrow misses you.
The arrow hits the centaur!
You hear a shout!
You climb upwards.
There is a stone staircase leading down here.
Casting: Sandblast (safe; 1% risk of failure)
Confirm with . or Enter, or press ? or * to list all spells.
Aiming: Sandblast (safe; 1% risk of failure)
Press: ? - help, Shift-Dir - straight line, f - ogre
Aim: an ogre, wielding a +0 giant club (93% to hit)
You feel a surge of power!
The blast of sand hits the ogre!
The ogre is heavily wounded.
The ogre hits you with a +0 giant club!! x2
* * * LOW HITPOINT WARNING * * *
Okay, then.
The ogre attacks as you move away! The ogre barely misses you.
The ogre attacks as you move away! The ogre barely misses you.
Casting: Sandblast (safe; 1% risk of failure)
Confirm with . or Enter, or press ? or * to list all spells.
Aiming: Sandblast (safe; 1% risk of failure)
Press: ? - help, Shift-Dir - straight line, f/p - ogre
Aim: an ogre, wielding a +0 giant club (moderately wounded, 93% to hit)
You feel a surge of power!
The blast of sand hits the ogre!
The ogre is heavily wounded.
The ogre barely misses you. The ogre hits you with a +0 giant club!
You die...

#................##
####...............#
##.##.#)...##......##
#......>).......####
##....).....#...#
###...........##
##.........###
#....OO......## ###
##....@.......#
##.####.......###.##
#.............#####
##.........#....#
#.........##...##
##.##.#.........##
###......##.#...#
##..[.)..###.##
##..)))).####


You could see 2 ogres.

Vanquished Creatures
  A fire dragon (D:9)
  A two-headed ogre (D:8)
  A troll (Orc:1)
  A slime creature (D:10)
  A shadow (D:9)
  2 wyverns (D:8)
  6 yaks (D:9)
  2 steam dragons (D:8)
  Duvessa (D:7)
  2 water moccasins
  An ice beast (D:6)
  10 orc warriors
  A black bear (D:5)
  An ogre (Orc:1)
  9 centaurs
  A phantom (D:5)
  10 kobold brigands
  2 gnoll sergeants
  A bullfrog (D:7)
  An elf skeleton (D:6)
  5 necrophages
  A wight (D:8)
  Dowan (D:7)
  2 electric eels (D:9)
  A howler monkey (D:6)
  4 lava snakes (D:8)
  7 jellies
  8 orc priests
  4 hounds
  A human zombie (D:6)
  A gnoll bouda (D:5)
  3 human skeletons (D:6)
  7 iguanas
  17 orc wizards
  Robin (D:2)
  10 gnolls
  14 adders
  4 river rats (Sewer)
  A shadow imp (D:6)
  2 ufetubi
  A worm (D:2)
  A dart slug (D:2)
  52 orcs
  8 ball pythons
  8 bats
  7 endoplasms
  5 giant cockroaches
  18 goblins
  11 hobgoblins
  28 kobolds
  4 quokkas
  22 frilled lizards
  An orc skeleton (D:6)
  26 rats
341 creatures vanquished.

Vanquished Creatures (collateral kills)
  2 orc warriors (D:10)
  2 orc priests (D:10)
  An orc wizard (D:10)
  4 orcs (D:10)
9 creatures vanquished.

Vanquished Creatures (others)
  A bullfrog (D:8)
  A gnoll bouda (D:8)
  An orc (D:8)
  2 fungi
  21 plants
26 creatures vanquished.

Grand Total: 376 creatures vanquished

Notes
Turn   | Place    | Note
-------+----------+-------------------------------------------
     0 | D:1      | greasedhog the Gargoyle Earth Elementalist began the quest
                  | for the Orb.
     0 | D:1      | Reached XP level 1. HP: 10/10 MP: 3/3
    84 | D:1      | Reached skill level 1 in Fighting
   341 | D:1      | Reached XP level 2. HP: 16/16 MP: 3/5
   388 | D:1      | Reached skill level 4 in Earth Magic
   491 | D:1      | Found a faded altar of an unknown god.
   999 | D:2      | Reached XP level 3. HP: 21/21 MP: 6/6
  1128 | D:2      | Learned a level 3 spell: Stone Arrow
  1332 | D:2      | Noticed Robin
  1338 | D:2      | Killed Robin
  1488 | D:2      | Reached XP level 4. HP: 26/27 MP: 2/7
  1509 | D:2      | Reached skill level 5 in Earth Magic
  2261 | D:3      | Found a sparkling altar of Nemelex Xobeh.
  2422 | D:3      | Found a glowing drain.
  2555 | Sewer    | Entered a sewer
  2565 | Sewer    | Reached XP level 5. HP: 28/32 MP: 2/8
  3667 | D:3      | Reached skill level 6 in Earth Magic
  3710 | D:3      | Identified the +1 robe "Usiu" {Dex+4}
  3889 | D:3      | Reached XP level 6. HP: 36/38 MP: 9/9
  4044 | D:3      | Found a runed translucent door.
  4045 | D:3      | Noticed Crazy Yiuf
  4235 | D:4      | Found a basalt altar of Yredelemnul.
  4990 | D:4      | Reached skill level 5 in Fighting
  5231 | D:4      | Got the Folio of Cold
  5294 | D:4      | Found a shimmering blue altar of Sif Muna.
  5750 | D:4      | Found a radiant altar of Vehumet.
  5754 | D:4      | Reached XP level 7. HP: 44/44 MP: 8/10
  5774 | D:4      | Learned a level 4 spell: Petrify
  5811 | D:5      | Entered Level 5 of the Dungeon
  5838 | D:5      | Found a shadowy altar of Dithmenos.
  5866 | D:5      | Reached skill level 7 in Earth Magic
  6191 | D:5      | Found a glowing silver altar of Zin.
  6206 | D:5      | Reached skill level 1 in Armour
  6206 | D:5      | Reached skill level 8 in Earth Magic
  6256 | D:5      | HP: 1/46 [gnoll sergeant/+2 spear of venom (8)]
  6687 | D:5      | Reached XP level 8. HP: 45/51 MP: 5/11
  6773 | D:5      | Found a white marble altar of Elyvilon.
  7295 | D:6      | Found a runed translucent door.
  7295 | D:6      | Noticed PerfectTommy's ghost (novice MiFi)
  7302 | D:6      | Reached skill level 9 in Earth Magic
  7470 | D:6      | Reached skill level 5 in Armour
  7540 | D:6      | Reached skill level 10 in Earth Magic
  7540 | D:6      | Reached skill level 1 in Evocations
  7723 | D:6      | Found a staircase to the Ecumenical Temple.
  7731 | Temple   | Entered the Ecumenical Temple
  7734 | Temple   | Reached XP level 9. HP: 45/55 MP: 6/12
  7998 | D:4      | Became a worshipper of Vehumet
  8082 | D:6      | Found a hazy altar of Hepliaklqana.
  8549 | D:7      | Noticed Duvessa
  8549 | D:7      | Noticed Dowan
  8557 | D:7      | Killed Duvessa
  8560 | D:7      | Killed Dowan
  8856 | D:7      | Reached skill level 11 in Earth Magic
  8897 | D:7      | Found a hide-covered altar of Uskayaw.
  9086 | D:7      | Reached * piety under Vehumet
  9086 | D:7      | Offered knowledge of Foxfire by Vehumet.
  9175 | D:7      | Found an ornate altar of the Wu Jian Council.
  9359 | D:8      | Noticed a two-headed ogre
  9778 | D:8      | Reached skill level 5 in Evocations
 10101 | D:8      | Killed a two-headed ogre
 10102 | D:8      | Reached skill level 12 in Earth Magic
 10102 | D:8      | Reached XP level 10. HP: 60/60 MP: 11/13
 10217 | D:8      | Found a glowing golden altar of the Shining One.
 10452 | D:8      | Found a shimmering altar of Xom.
 10784 | D:9      | Identified the +5 mace of Corruption {flame, Fly}
 10982 | D:8      | Noticed a quicksilver dragon
 11474 | D:8      | Noticed an acid blob
 11637 | D:9      | Reached skill level 13 in Earth Magic
 11764 | D:9      | Found a sacrificial altar of Ru.
 11796 | D:9      | Offered knowledge of Scorch by Vehumet.
 11825 | D:9      | Reached ** piety under Vehumet
 12528 | D:9      | Noticed a fire dragon
 12540 | D:9      | Killed a fire dragon
 12541 | D:9      | Reached skill level 5 in Spellcasting
 12847 | D:10     | Entered Level 10 of the Dungeon
 12881 | D:10     | Reached skill level 14 in Earth Magic
 13061 | D:10     | Found a flagged portal.
 13074 | Bailey   | Entered a bailey
 13104 | Bailey   | Reached XP level 11. HP: 59/66 MP: 10/18
 13106 | Bailey   | Offered knowledge of Inner Flame by Vehumet.
 13227 | Bailey   | Reached skill level 1 in Transmutations
 13232 | Bailey   | Reached skill level 1 in Conjurations
 13322 | Bailey   | Found a burning altar of Makhleb.
 13328 | Bailey   | Identified the +1 dagger of True Grit {antimagic, Str+4}
 13402 | D:10     | Reached *** piety under Vehumet
 13405 | D:10     | Upgraded the game from 0.29.0-4-gdea44cf6ec to
                  | 0.29.0-5-ge4962eb29e
 13579 | D:10     | Found a staircase to the Orcish Mines.
 13875 | D:10     | Found a viscous altar of Jiyva.
 14001 | D:10     | Found a bloodstained altar of Trog.
 14015 | D:10     | Found a stormy altar of Qazlal.
 14158 | D:10     | Found a snail-covered altar of Cheibriados.
 14232 | Orc:1    | Entered Level 1 of the Orcish Mines
 14237 | Orc:1    | Offered knowledge of Conjure Flame by Vehumet.
 14648 | Orc:1    | Found Loankuah's General Store.
 14649 | Orc:1    | Found Pufut's Assorted Antiques.
 14662 | Orc:1    | Reached **** piety under Vehumet
 14705 | Orc:1    | Bought a shiny helmet for 172 gold pieces
 14862 | Orc:2    | Entered Level 2 of the Orcish Mines
 15566 | Orc:1    | Slain by an ogre

Illustrated notes

Levels and vault maps discovered:
D:1:      wander_arrival_chamber, layout_basic,
          hellmonk_ecumenical_altar_blasted
D:2:      layout_basic, minmay_rat_hole, uniq_robin
D:3:      layout_loops_ring, mainiacjoe_overflow_small_starburst,
          portal_sewer_entry_a, minmay_lizard_king, uniq_crazy_yiuf_cottage
D:4:      layout_loops_corners, lemuel_coloured_pillars_altar,
          lemuel_blue_sif_altar, mainiacjoe_overflow_boulevard,
          hangedman_abyss_or_decor_passed
D:5:      layout_basic, grunt_dithmenos_smoke, mainiacjoe_overflow_alcove_1,
          kennysheep_little_box, nicolae_grassy_gnolls
D:6:      layout_rooms, mainiacjoe_overflow_catwalk,
          minmay_temple_entry_proselytizer, hellmonk_ghost_happy_afterlife,
          nicolae_ossuary_entry_catacombs
D:7:      layout_basic, mainiacjoe_overflow_alcove_2,
          eat_drink_and_be_merry_uskayaw, uniq_duvessa
D:8:      layout_basic, xom_confusion_cloud, old_standard_altar,
          kennysheep_island_fort
D:9:      dragon1_lemuel, layout_loops_cross, mainiacjoe_overflow_tiny_flanked
D:10:     layout_irregular_city, mainiacjoe_overflow_surrounded_room,
          nicolae_qazlal_general_emergency, kennysheep_mini_moat,
          minmay_orc_entry_temple_small, enter_bailey_5, jiyva_altar_1
D:11:     layout_cave_pools, lair_entry_dummy, hangedman_decor_lopped
Temple:   hellmonk_temple_beads
Orc:1:    layout_caves, serial_shops, shop, shop_statue, shop, basic_altar
Orc:2:    st_orc_rangers, layout_caves, serial_shops, shop_fountains

Skill      XL: |  1  2  3  4  5  6  7  8  9 10 11 |
---------------+----------------------------------+-----
Fighting       | 1 2 3 4 5 6 7 |  7.9
Earth Magic    | 4 5 6 8 10 12 14 | 14.4
Armour         | 2 5 |  5.0
Evocations     | 1 6 |  6.0
Spellcasting   | 5 |  5.3
Transmutations | 3 |  3.0
Conjurations   | 1 |  1.4
Dodging        | |  1.5
Stealth        | |  2.1

Action                   |  1- 3 |  4- 6 |  7- 9 | 10-12 || total
-------------------------+-------+-------+-------+-------++-------
Melee: Unarmed           |     8 |       |       |       ||     8
       Dagger            |    35 |   185 |       |       ||   220
       Staff             |       |       |    25 |    12 ||    37
 Cast: Sandblast         |    43 |    89 |   150 |   207 ||   489
       Stone Arrow       |       |       |    15 |    29 ||    44
Evoke: Wand              |       |       |     3 |     4 ||     7
  Use: Scroll            |     3 |     8 |     6 |    10 ||    27
       Potion            |       |       |     3 |     3 ||     6
 Stab: Sleeping          |       |     3 |       |       ||     3
Armor: Robe              |    12 |       |       |       ||    12
       Leather armour    |    19 |   113 |    52 |       ||   184
       Steam dragon scal |       |       |       |   140 ||   140
Dodge: Dodged            |    63 |   139 |    93 |   192 ||   487
